 Dungeon Crawl Stone Soup version 0.29.1-13-g9f3cf754e1 (webtiles) character file.

Game seed: 16626053370825059586

489 flickminster the Ruffian (level 6, -4/51 HPs)
             Began as a Draconian Transmuter on Feb 4, 2023.
             Was a Believer of Ru.
             Slain by Blork the orc
             ... wielding a +0 scimitar
              (12 damage)
             ... on level 5 of the Dungeon.
             The game lasted 00:45:01 (4784 turns).

flickminster the Ruffian (Draconian Transmuter)     Turns: 4784, Time: 00:45:01

Health: -4/51      AC:  6    Str: 14    XL:     6   Next: 90%
Magic:  8/10       EV: 12    Int: 14    God:    Ru [**....]
Gold:   206        SH:  0    Dex: 11    Spells: 8/11 levels left

rFire   . . .      SeeInvis .     - Unarmed
rCold   . . .      Faith    .   (no shield)
rNeg    . . .      Spirit   .   (body armour unavailable)
rPois   .          Reflect  .   (helmet currently unavailable)
rElec   .          Harm     .   (no cloak)
rCorr   .          Rampage  .   (no gloves)
Will    .....                   (boots currently unavailable)
Stlth   +.........              (no amulet)
HPRegen 0.17/turn               (no ring)
MPRegen 0.12/turn               (no ring)

@: mighty, appendages, wereblooded, on berserk cooldown, slowed, very slow
A: horns 2, talons 2, AC +6, unfitting armour, cold-blooded, hated by all
a: End Transformation, Renounce Religion


You were on level 5 of the Dungeon.
You worshipped Ru.
Ru was pleased with you.
You had temporarily grown beastly horns and talons.
You visited 1 branch of the dungeon, and saw 5 of its levels.

You collected 206 gold pieces.

Inventory:

Hand Weapons
 q - a +2 vorpal flail
Missiles
 t - 3 javelins (quivered)
Armour
 e - a +2 pair of boots (melded)
Wands
 o - a wand of paralysis (6)
Scrolls
 d - 2 scrolls of fear
 g - a scroll of teleportation
 h - a scroll of vulnerability
 k - a scroll of enchant armour
 p - 2 scrolls of blinking
 r - a scroll of enchant weapon {unknown}
 s - a scroll of identify
Potions
 a - 2 potions of lignification
 f - a potion of flight {unknown}
 i - a potion of mutation {unknown}
 j - 2 potions of haste {unknown}
 m - a potion of brilliance {unknown}
 n - 2 potions of curing {unknown}


   Skills:
 + Level 3.3 Fighting
 + Level 3.1 Dodging
 * Level 5.1 Unarmed Combat
 + Level 3.2 Spellcasting
 + Level 3.5 Transmutations


You had 8 spell levels left.
You knew the following spells:

 Your Spells              Type           Power      Damage    Failure   Level
a - Beastly Appendage     Tmut           24%        N/A       4%          1
b - Wereblood             Tmut           12%        N/A       8%          2

Your spell library contained the following spells:

 Spells                   Type           Power      Damage    Failure   Level
 Spider Form              Tmut/Pois      7%         N/A       30%         3
 Sublimation of Blood     Necr           2%         N/A       32%         2
 Ice Form                 Ice/Tmut       7%         N/A       71%         4
 Summon Hydra             Summ           Unusable   N/A       N/A         7

Dungeon Overview and Level Annotations

Branches:
Dungeon (5/15)
 Temple: D:4-7

Altars:
Ru
Trog

Annotations:
D:3 2 runed translucent doors, Sigmund; dragongeneral's ghost, weakling DESu
D:5 Blork the orc; Edmund; Prince Ribbit


Innate Abilities, Weirdness & Mutations

You have temporarily grown beastly horns and talons.
Your plain brown scales are hard. (AC +6)
You cannot fit into any form of body armour.
You are cold-blooded and may be slowed by cold attacks.
You are hated by all.


Message History

You kill the orc!
Blork the orc comes into view.
He is wielding a +0 scimitar and wearing a +0 robe of positive energy.
Casting: Beastly Appendage (safe; 4% risk of failure)
Confirm with . or Enter, or press ? or * to list all spells.
Your blood is infused with primal strength.
Blork the orc shouts!
Throw: 5 javelins
Press: ? - help, Q - select action, (/) - cycle Shift-Dir - straight line, f - Blork the orc
Aim: Blork the orc, wielding a +0 scimitar and wearing a +0 robe of positive energy (60% to hit)
You throw a javelin.
The javelin barely misses Blork the orc.
Throw: 4 javelins
Press: ? - help, Q - select action, (/) - cycle Shift-Dir - straight line, f/p - Blork the orc
Aim: Blork the orc, wielding a +0 scimitar and wearing a +0 robe of positive energy (60% to hit)
You throw a javelin.
The javelin closely misses Blork the orc.
You hear the brisk hiss of an avalanche of sand nearby.
Blork the orc looks encouraged for a moment.
Casting: Wereblood (safe; 8% risk of failure)
Confirm with . or Enter, or press ? or * to list all spells.
You grow a pair of large bovine horns.
Your feet morph into talons.
Your +2 pair of boots melds into your body.
You punch Blork the orc! Your headbutt misses Blork the orc.
Blork the orc is moderately wounded.
Blork the orc casts a spell.
Blork the orc seems to speed up.
Blork the orc hits you with a +0 scimitar!
You feel very mighty all of a sudden.
Blork the orc hits you with a +0 scimitar!
* * * LOW HITPOINT WARNING * * *
Blork the orc closely misses you.
You hit Blork the orc. You claw Blork the orc!
Your tail-slap misses Blork the orc.
Blork the orc is severely wounded.
Blork the orc points at you and mumbles some strange words.
The puff of flame hits you.
* * * LOW HITPOINT WARNING * * *
You focus your inner power and illuminate Blork the orc in retribution!
Blork the orc hits you with a +0 scimitar!
You die...

##.## ##......
##.## #.......
#..## ###.......
##..######.........
##..#........ยง....
##...###.........
##.####......$...
##.## #..........
#@.# ##.........
#o## ##........
#..# ###.....$ #...
#...## ...). ####
#...... ........
#.....(...
.#.........


You could see Blork the orc (fast, corona).

Vanquished Creatures
  A kobold brigand (D:4)
  A necrophage (D:4)
  A scorpion (D:4)
  3 orc priests
  A hound (D:4)
  Ijyb (D:3)
  An iguana (D:5)
  3 adders
  4 worms
  11 orcs
  8 endoplasms
  3 giant cockroaches
  3 goblins
  3 hobgoblins
  24 kobolds
  3 quokkas
  2 ball pythons
  2 bats
  3 frilled lizards
  4 rats
82 creatures vanquished.

Vanquished Creatures (others)
  24 plants (D:4)
  5 withered plants (D:1)
29 creatures vanquished.

Grand Total: 111 creatures vanquished

Notes
Turn   | Place    | Note
-------+----------+-------------------------------------------
     0 | D:1      | flickminster the Draconian Transmuter began the quest for
                  | the Orb.
     0 | D:1      | Reached XP level 1. HP: 16/16 MP: 3/3
   532 | D:1      | Reached XP level 2. HP: 22/23 MP: 5/5
   562 | D:1      | Found a faded altar of an unknown god.
  1712 | D:2      | Reached XP level 3. HP: 28/28 MP: 4/6
  2519 | D:3      | Noticed Ijyb
  2531 | D:3      | Learned a level 2 spell: Wereblood
  2564 | D:3      | Paralysed by Ijyb for 4 turns
  2569 | D:3      | Paralysed by Ijyb for 2 turns
  2586 | D:3      | Killed Ijyb
  2587 | D:3      | Reached XP level 4. HP: 22/36 MP: 4/7
  2734 | D:3      | Noticed Sigmund
  2780 | D:3      | Found a bloodstained altar of Trog.
  2780 | D:3      | Found a sacrificial altar of Ru.
  2794 | D:3      | Became a worshipper of Ru the Awakened
  2942 | D:3      | Found a large runed translucent door.
  2942 | D:3      | Found a large runed translucent door.
  2943 | D:3      | Noticed dragongeneral's ghost (weakling DESu)
  3047 | D:4      | Reached skill level 4 in Unarmed Combat
  3060 | D:4      | Found a hazy altar of Hepliaklqana.
  3067 | D:4      | Reached XP level 5. HP: 36/41 MP: 5/8
  3475 | D:4      | Reached XP level 6. HP: 48/50 MP: 10/10
  4436 | D:5      | Entered Level 5 of the Dungeon
  4453 | D:5      | Reached skill level 5 in Unarmed Combat
  4555 | D:5      | Gained mutation: You are hated by all. [Ru sacrifice]
  4555 | D:5      | Reached * piety under Ru
  4555 | D:5      | Reached ** piety under Ru
  4725 | D:5      | Noticed Prince Ribbit
  4725 | D:5      | Noticed Edmund
  4777 | D:5      | Noticed Blork the orc
  4784 | D:5      | Slain by Blork the orc

Illustrated notes

Levels and vault maps discovered:
D:1:      minmay_arrival_cross, layout_basic,
          shapermc_ecumenical_altar_flowoftime
D:2:      layout_loops_ring
D:3:      layout_basic, nicolae_overflow_two_pavilions,
          ebering_ghost_disaster_area, uniq_sigmund, uniq_ijyb
D:4:      kennysheep_kobold_camp, layout_basic, old_standard_altar
D:5:      layout_cave_pods, enter_ossuary_5, minmay_holes, uniq_edmund,
          uniq_blork_the_orc, uniq_duvessa, uniq_prince_ribbit1

Skill      XL: |  1  2  3  4  5  6 |
---------------+-------------------+-----
Dodging        | 2 3 |  3.1
Fighting       | 2 3 |  3.3
Unarmed Combat | 4 5 |  5.1
Transmutations | 3 |  3.5
Spellcasting   | 3 |  3.2

Action                   |  1- 3 |  4- 6 || total
-------------------------+-------+-------++-------
Melee: Unarmed           |   145 |   197 ||   342
       Headbutt          |     9 |    18 ||    27
       Tailslap          |    18 |    29 ||    47
       Kick              |     8 |    33 ||    41
       Punch             |     3 |     6 ||     9
Throw: Javelin           |       |     4 ||     4
 Cast: Beastly Appendage |     8 |    14 ||    22
       Wereblood         |     1 |     6 ||     7
Invok: Sacrifice Love    |       |     1 ||     1
  Use: Scroll            |     4 |     7 ||    11
       Potion            |       |     6 ||     6
Armor: Skin              |    34 |    37 ||    71
Dodge: Dodged            |    61 |    81 ||   142
